 Dungeon Crawl Stone Soup version 0.18.1-8-gdd0e5ea (webtiles) character file.

55 Gargoyl the Skirmisher (level 3, 0/29 HPs)
             Began as a Demonspawn Abyssal Knight on June 11, 2016.
             Was a Believer of Lugonu.
             Succumbed to an adder's poison
             ... on level 2 of the Dungeon.
             The game lasted 00:02:55 (1874 turns).

Gargoyl the Skirmisher (Demonspawn Abyssal Knight)  Turns: 1874, Time: 00:02:55

Health: 0/29       AC:  3    Str: 13    XL:     3   Next: 67%
Magic:  2/4        EV:  8    Int: 13    God:    Lugonu [**....]
Gold:   123        SH:  6    Dex: 12    Spells: 0 memorised, 2 levels left

rFire  + . .     SeeInvis .     a - +1 hand axe
rCold  . . .     Gourm    .     b - +0 leather armour
rNeg   . . .     Faith    .     i - +0 shield
rPois  .         Spirit   +     (no helmet)
rElec  .         Dismiss  .     (no cloak)
rCorr  .         Reflect  .     (no gloves)
SustAt .         Harm     .     (no boots)
MR     +....                    (no amulet)
Stlth  +.........               (no ring)
                                (no ring)

@: lethally poisoned (0 -> -2), very slightly contaminated, invisible, somewhat
resistant to hostile enchantments, very unstealthy
A: hooves 1, fire resistance 1, magic resistance 1, magic shield, subdued magic
1
a: Depart the Abyss, Bend Space, Renounce Religion


You were on level 2 of the Dungeon.
You worshipped Lugonu.
Lugonu was pleased with you.
You were not hungry.

You visited 1 branch of the dungeon, and saw 2 of its levels.
You visited the Abyss 1 time.

You collected 123 gold pieces.

Inventory:

Hand Weapons
 a - a +1 hand axe (weapon)
Armour
 b - a +0 leather armour (worn)
 i - a +0 shield (worn)
Scrolls
 d - a scroll of random uselessness {unknown}
 e - a scroll of amnesia {unknown}
 h - a scroll of fog {unknown}
 k - a scroll of enchant armour {unknown}
Potions
 g - 2 potions of haste
Comestibles
 c - 2 bread rations


   Skills:
 + Level 3.5 Fighting
 + Level 2.0 Axes
 * Level 2.4 Armour
 + Level 1.6 Dodging
 + Level 0.6 Stealth
 + Level 2.6 Invocations


You had 2 spell levels left.
You didn't know any spells.

Dungeon Overview and Level Annotations

Branches:
Dungeon (2/15)

Altars:


Innate Abilities, Weirdness & Mutations

Your flesh is heat resistant.
When hurt, damage is shared between your health and your magic reserves.
You have large cloven feet.
You are resistant to hostile enchantments.
Your spells are a little easier to cast, but a little less powerful.


Message History

Lugonu accepts your kill.
Drink which item? (? for menu, Esc to quit)
It was a potion of invisibility.
You fade into invisibility!
* * * LOW HITPOINT WARNING * * *
You feel sick.
You are very lightly contaminated with residual magic.
Drink which item? (? for menu, Esc to quit)
It was a potion of mutation.
You feel extremely strange.
Your connection to magic feels subdued.
You feel resistant to hostile enchantments.
Your feet thicken and deform.
You see here an adder corpse.
* * * LOW HITPOINT WARNING * * *
You feel sick.
* * * LOW HITPOINT WARNING * * *
You feel sick.
You see here a scroll labeled KELIECI PAMN.
Unknown command.
You die...

#.......# #.#...#.#
##+## #.....#.#
##...## #.....#.#
##.....####.......#
##.......#.........#
#......†...........#
+..................#
#?.@......###.....##
##.......## #...#.#
##.....## #...#.#
##...## #####.#
##..# .# #.#.# .#
###.# .# #. .#


There were no monsters in sight!

Vanquished Creatures
  An adder (D:2)
  3 dart slugs (D:1)
  2 giant cockroaches (D:1)
  6 goblins (D:1)
  5 hobgoblins
  6 jackals (D:1)
  4 bats (D:1)
  2 giant newts (D:1)
  6 kobolds
  3 rats (D:1)
38 creatures vanquished.

Notes
Turn   | Place    | Note
--------------------------------------------------------------
     0 | Abyss:1  | Gargoyl the Demonspawn Abyssal Knight began the quest for the Orb.
     0 | Abyss:1  | Reached XP level 1. HP: 18/18 MP: 2/2
    59 | Abyss:2  | Found a corrupted altar of Lugonu.
    72 | Abyss:2  | Noticed a large abomination
    83 | Abyss:2  | Noticed a smoke demon
    91 | D:1      | Escaped the Abyss
   291 | D:1      | Reached skill level 1 in Dodging
   611 | D:1      | Gained mutation: When hurt, damage is shared between your health and your magic reserves. [demonic ancestry]
   611 | D:1      | Reached XP level 2. HP: 24/24 MP: 3/3
   715 | D:1      | Reached * piety under Lugonu
  1106 | D:1      | Gained mutation: Your flesh is heat resistant. [demonic ancestry]
  1106 | D:1      | Reached XP level 3. HP: 7/29 MP: 1/4
  1772 | D:2      | Reached ** piety under Lugonu
  1863 | D:2      | Gained mutation: Your spells are a little easier to cast, but a little less powerful. [potion of mutation]
  1863 | D:2      | Gained mutation: You are resistant to hostile enchantments. [potion of mutation]
  1863 | D:2      | Gained mutation: You have large cloven feet. [potion of mutation]
  1866 | D:2      | HP: 1/29 [poisoned by an adder]
  1874 | D:2      | Succumbed to an adder's poison

Skill      XL: |  1  2 |
---------------+-------+-----
Dodging        | 1 |  1.6
Armour         | 2 |  2.4
Axes           | 2 |  2.0
Fighting       | |  3.5
Stealth        | |  0.6
Invocations    | |  2.6

Action                   || total
-------------------------++-------
Melee: Hand axe          ||   134
Invok: Depart the Abyss  ||     1
  Use: Potion            ||     5
  Eat: Chunk             ||     4
Armor: Leather armour    ||    45
Dodge: Dodged            ||    63
Block: Shield            ||    52
